 Dungeon Crawl Stone Soup version 0.22-a0-162-g33bf1272b0 (webtiles) character file.

676 RedPan the Ducker (level 7, -2/41 HPs)
             Began as an Octopode Wizard on Feb 12, 2018.
             Slain by a phantom (9 damage)
             ... on level 5 of the Dungeon.
             The game lasted 00:25:15 (6435 turns).

RedPan the Ducker (Octopode Wizard)                 Turns: 6435, Time: 00:25:16

Health: -2/41      AC:  2    Str:  7      XL:     7   Next: 60%
Magic:  8/12       EV: 15    Int: 19 (20) God:
Gold:   344        SH:  0    Dex: 11 (12) Spells: 2/13 levels left

rFire    . . .     SeeInvis .   k - +3 dagger (venom)
rCold    . . .     Gourm    .   (no shield)
rNeg     . . .     Faith    .   a - +1 hat
rPois    .         Spirit   .   (no amulet)
rElec    .         Reflect  .   s - ring of protection from magic
rCorr    .         Harm     .   (no ring)
MR       +....                  (no ring)
Stlth    +++.......             (no ring)
HPRegen  0.13/turn              (no ring)
MPRegen  0.13/turn              (no ring)
                                (no ring)
                                (no ring)

@: no status effects
A: almost no armour, stealthy swim, amphibious, 8 rings, constrict 8, camouflage
1, gelatinous body 1
a: no special abilities


You were on level 5 of the Dungeon.
You were not hungry.

You visited 1 branch of the dungeon, and saw 5 of its levels.
You also visited: Sewer.

You collected 377 gold pieces.
You spent 33 gold pieces at shops.

Inventory:

Hand Weapons
 k - a +3 dagger of venom (weapon)
 l - a +2 whip of flaming
Missiles
 j - 4 tomahawks (quivered)
Armour
 a - a +1 hat (worn)
Jewellery
 s - a ring of protection from magic (left tentacle)
Scrolls
 d - a scroll of immolation
 g - 2 scrolls of remove curse
 m - a scroll of teleportation
 n - a scroll of identify
 r - 3 scrolls of amnesia
Potions
 e - a potion of lignification
 f - 2 potions of ambrosia
 h - a potion of resistance
 i - 5 potions of flight
 o - 2 potions of heal wounds
 p - a potion of curing
 v - a potion of agility
Books
 b - a book of Minor Magic

   Spells                             Type                      Level
   a - Magic Dart                     Conjuration                  1
   b - Blink                          Translocation                2
   c - Call Imp                       Summoning                    2
   d - Slow                           Hexes                        2
   e - Conjure Flame                  Conjuration/Fire             3
   f - Mephitic Cloud                 Conjuration/Poison/Air       3
Comestibles
 c - 5 rations
 q - 3 chunks of flesh


   Skills:
 + Level 4.5 Dodging
 - Level 4.1 Stealth
 + Level 3.7 Spellcasting
 - Level 4.0 Conjurations
 + Level 1.6 Summonings
 + Level 1.7 Translocations
 - Level 2.0 Fire Magic
 - Level 2.0 Air Magic
 - Level 2.0 Poison Magic


You had 2 spell levels left.
You knew the following spells:

 Your Spells              Type           Power        Failure   Level  Hunger
a - Magic Dart            Conj           ###.         2%          1    None
b - Blink                 Tloc           N/A          11%         2    ##.....
c - Call Imp              Summ           #.......     11%         2    ##.....
d - Mephitic Cloud        Conj/Pois/Air  ##......     14%         3    ###....
e - Conjure Flame         Conj/Fire      ##......     12%         3    ###....


Dungeon Overview and Level Annotations

Branches:
Dungeon (5/15)
 Temple: D:4-7

Altars:
Cheibriados
Gozag
Hepliaklqana
Kikubaaqudgha
Okawaru
Zin
The Shining One

Shops:
D:4 *

Annotations:
D:4 Menkaure


Innate Abilities, Weirdness & Mutations

You cannot wear most types of armour.
You are very stealthy in the water. (Stealth+)
You are amphibious.
You can wear up to eight rings at the same time.
You can use your tentacles to constrict eight enemies at once.
Your skin changes colour to match your surroundings (Stealth+).
Your rubbery body absorbs attacks. (AC +1, EV +1)


Message History

Gang up on whom?
Press: ? - help, Dir - move target cursor, f - phantom
Aim: a phantom (lightly damaged) Attack!
The phantom barely misses you.
Your white imp gestures at the phantom.
The puff of frost hits the phantom.
The phantom completely resists.
You are too injured to fight recklessly!
Unknown command.
You catch the helpless phantom completely off-guard!
You hit the phantom.
The phantom is moderately damaged.
The phantom hits you!
* * * LOW HITPOINT WARNING * * *
Your shadow imp barely misses the phantom.
Your white imp gestures at the phantom.
The puff of frost hits the phantom.
The phantom resists.
You barely miss the phantom. Your squeeze misses the phantom.
The phantom is moderately damaged.
The phantom hits you!
You die...

###################
#........(.........
#.#######.####.####
########.#................
.........#5.##............
.#######†5W.........#.###.
#.@####.####.#.# #. #..#
.... #.#.# #. #..#.....
#.#.# #. l!.......#.....
#.... #. ########....._..
..... .. ..#... ###
..#..... ..# .... # .#
##.# ###.


You could see a phantom, a friendly white imp and a friendly shadow imp.

Vanquished Creatures
  2 ogres (D:4)
  A centaur (D:5)
  An orc priest (D:3)
  An iguana (D:5)
  2 worker ants (D:4)
  2 merfolk sirens (Sewer)
  A merfolk avatar (Sewer)
  2 gnolls
  2 river rats (Sewer)
  7 adders
  An ooze (D:3)
  An adder skeleton (D:4)
  3 worms
  4 dart slugs
  7 leopard geckos
  13 orcs
  5 bats
  4 giant cockroaches
  9 hobgoblins
  11 jackals
  5 quokkas
  5 ball pythons
  6 frilled lizards
  9 goblins
  4 kobolds
  25 rats
133 creatures vanquished.

Vanquished Creatures (collateral kills)
  2 gnolls (D:2)
  5 goblins (D:2)
  A hobgoblin (D:2)
  A rat (Sewer)
9 creatures vanquished.

Grand Total: 142 creatures vanquished

Notes
Turn   | Place    | Note
-------+----------+-------------------------------------------
     0 | D:1      | RedPan the Octopode Wizard began the quest for the Orb.
     0 | D:1      | Reached XP level 1. HP: 11/11 MP: 4/4
   171 | D:1      | Reached XP level 2. HP: 7/17 MP: 0/6
   837 | D:1      | Reached XP level 3. HP: 10/21 MP: 0/7
  1585 | D:2      | Learned a level 2 spell: Blink
  1588 | D:2      | Learned a level 2 spell: Call Imp
  1592 | D:2      | Learned a level 3 spell: Mephitic Cloud
  1828 | D:2      | Found an opulent altar of Gozag.
  2235 | D:1      | Reached XP level 4. HP: 10/27 MP: 1/8
  2857 | D:3      | Found a glowing drain.
  2868 | Sewer    | Entered a sewer
  3026 | Sewer    | Reached XP level 5. HP: 31/31 MP: 9/9
  3077 | Sewer    | Reached skill level 1 in Poison Magic
  3198 | Sewer    | Reached skill level 1 in Air Magic
  3694 | Sewer    | Noticed a malarious merfolk avatar
  4082 | Sewer    | Killed a malarious merfolk avatar
  4082 | Sewer    | Reached XP level 6. HP: 36/36 MP: 3/10
  4385 | D:3      | Learned a level 3 spell: Conjure Flame
  4543 | D:3      | Found a hazy altar of Hepliaklqana.
  4543 | D:3      | Found an iron altar of Okawaru.
  4549 | D:3      | Found a glowing golden altar of the Shining One.
  4554 | D:3      | Found a snail-covered altar of Cheibriados.
  4555 | D:3      | Found a faded altar of an unknown god.
  5039 | D:3      | Found a glowing silver altar of Zin.
  5289 | D:3      | Reached skill level 1 in Fire Magic
  5362 | D:4      | Found Xegylo's General Store.
  5442 | D:4      | Bought a scroll of teleportation for 33 gold pieces
  5541 | D:4      | Reached XP level 7. HP: 41/41 MP: 0/12
  5943 | D:4      | Noticed Menkaure
  6312 | D:5      | Entered Level 5 of the Dungeon
  6393 | D:5      | Found an ancient bone altar of Kikubaaqudgha.
  6435 | D:5      | Slain by a phantom

Vault maps used:
D:1:      kilobyte_arrival_exit_the_forest
D:2:      kennysheep_the_goblin_king, grunt_gozag_statues, grunt_decor_cap
D:3:      lemuel_crystal_altar, chequers_temple_overflow_minitemple,
          serial_corexii_hall, corexii_hall_statues_t, corexii_hall_statues_l,
          cheibrodos_sewer_entry_drain, first_ration
D:4:      serial_shops, shop, uniq_menkaure
D:5:      old_standard_altar
Sewer:    sewer_sea

Skill      XL: |  1  2  3  4  5  6  7 |
---------------+----------------------+-----
Stealth        | 3 4 |  4.1
Conjurations   | 2 3 4 |  4.0
Dodging        | 3 4 |  4.5
Poison Magic   | 2 |  2.0
Air Magic      | 1 2 |  2.0
Fire Magic     | 1 2 |  2.0
Spellcasting   | |  3.7
Summonings     | |  1.6
Translocations | |  1.7

Action                   |  1- 3 |  4- 6 |  7- 9 || total
-------------------------+-------+-------+-------++-------
Melee: Dagger            |    31 |    55 |    16 ||   102
       Constrict         |    12 |    14 |     5 ||    31
       Unarmed           |     1 |       |       ||     1
       Tentacles         |     5 |     5 |     3 ||    13
       Whip              |    27 |    16 |     4 ||    47
 Cast: Magic Dart        |    55 |   139 |    30 ||   224
       Call Imp          |     4 |    18 |     8 ||    30
       Blink             |     3 |       |     1 ||     4
       Mephitic Cloud    |       |     2 |     1 ||     3
       Conjure Flame     |       |     1 |     2 ||     3
  Use: Scroll            |     3 |     9 |     1 ||    13
       Potion            |       |     5 |       ||     5
 Stab: Sleeping          |     6 |    15 |     3 ||    24
       Distracted        |       |     4 |     1 ||     5
       Confused          |       |     3 |     1 ||     4
  Eat: Chunk             |     3 |     9 |     1 ||    13
       Ration            |       |     1 |     1 ||     2
Armor: Skin              |     5 |    15 |       ||    20
Dodge: Dodged            |    62 |    83 |    12 ||   157

Table legend:
 A = Spawn XP
 B = Non-spawn XP
 C = Spawn XP percentage of total XP
 D = Spawn monster count
 E = Non-spawn monster count
 F = Spawn count percentage of total count
 G = Total turns spent on level
                    A         B        C        D         E        F      G
               +---------+---------+-------+---------+---------+-------+---------
         Total |       0 |     967 |   0.0 |       0 |     142 |   0.0 |  6435
               +---------+---------+-------+---------+---------+-------+---------
           D:1 |       0 |      53 |   0.0 |       0 |      24 |   0.0 |  1652
           D:2 |       0 |      64 |   0.0 |       0 |      24 |   0.0 |  1201
           D:3 |       0 |     129 |   0.0 |       0 |      35 |   0.0 |  1295
           D:4 |       0 |     372 |   0.0 |       0 |      13 |   0.0 |   856
           D:5 |       0 |     145 |   0.0 |       0 |       4 |   0.0 |   123
         Sewer |       0 |     204 |   0.0 |       0 |      42 |   0.0 |  1308
               +---------+---------+-------+---------+---------+-------+---------
